 Dungeon Crawl Stone Soup version 0.29.1-13-g9f3cf754e1 (webtiles) character file.

Game seed: 17920806661291724139

1600 leafyfresh the Thaumaturge (level 9, -1/55 HPs)
             Began as a Djinni Ice Elementalist on Feb 3, 2023.
             Shot with an arrow by a centaur (11 damage)
             ... on level 6 of the Dungeon.
             The game lasted 00:12:10 (3849 turns).

leafyfresh the Thaumaturge (DjIE)                   Turns: 3849, Time: 00:12:10

Health: -1/55      AC:  2    Str:  7    XL:     9   Next: 15%
Gold:   319        EV: 12    Int: 20    God:
                   SH:  0    Dex: 13

rFire   + + .      SeeInvis .   s - +2 whip (freeze)
rCold   x . .      Faith    .   (no shield)
rNeg    . . .      Spirit   .   a - +0 robe
rPois   ∞          Reflect  .   (no helmet)
rElec   .          Harm     .   (no cloak)
rCorr   .          Rampage  .   (no gloves)
Will    .....                   (boots unavailable)
Stlth   ++........              c - amulet of regeneration
HPRegen 0.98/turn               (no ring)
MPRegen 0.00/turn               (no ring)

@: flying
A: sickness immunity, fire resistance 2, cold vulnerability 1, float, innate
caster, HP casting, extra vitality 1, dopey 1, passive freeze, wild magic 1
a: no special abilities


You were on level 6 of the Dungeon.
You visited 1 branch of the dungeon, and saw 6 of its levels.

You collected 319 gold pieces.

Inventory:

Hand Weapons
 f - a +1 rapier
 s - a +2 whip of freezing (weapon)
Armour
 a - a +0 robe (worn)
Jewellery
 c - an amulet of regeneration (around neck)
Wands
 d - a wand of paralysis (7)
Scrolls
 b - 2 scrolls of enchant weapon
 e - a scroll of immolation {unknown}
 g - a scroll of teleportation {unknown}
 i - a scroll of blinking {unknown}
 j - a scroll of fear {unknown}
 l - a scroll of butterflies {unknown}
 o - a scroll of vulnerability {unknown}
 p - 2 scrolls of identify {unknown}
Potions
 h - a potion of lignification
 k - 3 potions of brilliance
 m - a potion of curing
 n - a potion of invisibility
 q - a potion of attraction
 r - a potion of heal wounds {unknown}


   Skills:
 - Level 2.1 Dodging
 - Level 1.5 Stealth
 + Level 9.1 Spellcasting


You had 5 spell levels left.
You knew the following spells:

 Your Spells              Type           Power      Damage    Failure   Level
a - Freeze                Ice            100%       1d11      1%          1
b - Frozen Ramparts       Ice            100%       1d16      1%          3
c - Ozocubu's Armour      Ice            56%        N/A       1%          3
d - Hailstorm             Conj/Ice       56%        3d12      3%          4
e - Slow                  Hex            100%       N/A       1%          1
f - Ensorcelled Hibernat  Hex/Ice        100%       N/A       1%          2
g - Inner Flame           Hex/Fire       56%        N/A       1%          3
h - Leda's Liquefaction   Hex/Erth       28%        N/A       3%          4
Your spell library was empty.

Dungeon Overview and Level Annotations

Branches:
Dungeon (6/15)
 Temple: D:4-7

Altars:
Cheibriados


Innate Abilities, Weirdness & Mutations

You are immune to sickness and miasma.
You are immune to poison.
Your flesh is very heat resistant. (rF++)
You are vulnerable to cold. (rC-)
You float through the air rather than walking.
You learn spells naturally, not from books.
Your magical power is your life essence.
You have superior vitality. (+4 MHP)
You are dopey. (Int -2)
A frigid envelope surrounds you and freezes all who hurt you.
Your spells are a little harder to cast, but a little more powerful.


Message History

You now have 319 gold pieces (gained 10).
You reach down and open the door.
There is an open door here.
Found a stone staircase leading down.
No target in view!
A hound comes into view.
A hound is nearby!
A centaur comes into view.
The centaur shouts!
The hound barks!
The centaur wields a +0 shortbow.
The centaur shoots an arrow.
The arrow hits you.
There are monsters nearby!
The hound bites you.
The hound is very cold.
The hound is heavily wounded.
The centaur shoots an arrow.
The arrow hits you! The hound closely misses you.
The centaur shoots an arrow.
The arrow hits you!
There is a stone staircase leading down here.
There are monsters nearby!
Unknown command.
The hound attacks as you move away! The hound closely misses you.
The centaur shoots an arrow.
The arrow hits you!
* * * LOW HITPOINT WARNING * * *
The hound attacks as you move away! The hound barely misses you.
The hound misses you.
Unknown command.
Casting: Hailstorm (dangerous; 3% risk of failure)
Confirm with . or Enter, or press ? or * to list all spells.
Casting: Frozen Ramparts (safe; 1% risk of failure)
Press: ? - help, Dir - look around, f - activate The walls around you are covered in ice.
* * * LOW HITPOINT WARNING * * *
The wall freezes the hound!
You kill the hound!
Unknown command.
The frozen ramparts melt away as you move.
The centaur shoots an arrow.
The arrow barely misses you.
The centaur shoots an arrow.
The arrow hits you!
* * * LOW HITPOINT WARNING * * *
The centaur shoots an arrow.
The arrow hits you!
You die...

#.......#
######
#.......#
##'######
#..# #.##
#.# #.#
#.# #@#
#.# #.# .
#.# ...
#.#
.....##.#
......c>#
c.......#
........#


You could see a centaur.

Vanquished Creatures
  Pikel (D:5)
  Grinder (D:5)
  Edmund (D:5)
  A water moccasin (D:5)
  2 lemures (D:5)
  A phantom (D:5)
  Blork the orc (D:5)
  2 scorpions (D:5)
  A jelly (D:6)
  3 hounds
  Jessica (D:2)
  An iguana (D:5)
  3 orc wizards
  7 adders
  4 white imps
  2 worms
  7 dart slugs
  24 orcs
  5 ball pythons
  9 bats
  9 endoplasms
  4 giant cockroaches
  8 goblins
  8 hobgoblins
  7 jackals
  5 quokkas
  4 frilled lizards
  8 kobolds
  10 rats
140 creatures vanquished.

Notes
Turn   | Place    | Note
-------+----------+-------------------------------------------
     0 | D:1      | leafyfresh the Djinni Ice Elementalist began the quest for
                  | the Orb.
     0 | D:1      | leafyfresh set off with the following spells memorised:
                  | Freeze, Frozen Ramparts, Ozocubu's Armour, Hailstorm.
     0 | D:1      | Reached XP level 1. HP: 15/15 MP: 0/0
   190 | D:1      | Reached XP level 2. HP: 8/21 MP: 0/0
   257 | D:1      | Found a faded altar of an unknown god.
   375 | D:1      | Reached XP level 3. HP: 25/25 MP: 0/0
   375 | D:1      | Learned a level 1 spell: Slow
   447 | D:1      | Reached skill level 4 in Spellcasting
   552 | D:1      | Reached XP level 4. HP: 29/31 MP: 0/0
  1317 | D:2      | Noticed Jessica
  1324 | D:2      | Killed Jessica
  1325 | D:2      | Reached XP level 5. HP: 29/35 MP: 0/0
  1325 | D:2      | Learned a level 2 spell: Ensorcelled Hibernation
  1550 | D:3      | Reached skill level 5 in Spellcasting
  1766 | D:3      | Found a snail-covered altar of Cheibriados.
  1792 | D:3      | Reached XP level 6. HP: 40/40 MP: 0/0
  2084 | D:3      | HP: 1/40 [white imp (4)]
  2088 | D:3      | Gained mutation: A frigid envelope surrounds you and
                  | freezes all who hurt you. [potion of mutation]
  2088 | D:3      | Gained mutation: You are dopey. (Int -2) [potion of
                  | mutation]
  2088 | D:3      | Gained mutation: Your spells are a little harder to cast,
                  | but a little more powerful. [potion of mutation]
  2770 | D:5      | Entered Level 5 of the Dungeon
  2795 | D:5      | Noticed Grinder
  2809 | D:5      | Killed Grinder
  2810 | D:5      | Reached skill level 6 in Spellcasting
  2810 | D:5      | Reached XP level 7. HP: 10/45 MP: 0/0
  2810 | D:5      | Learned a level 3 spell: Inner Flame
  2868 | D:5      | Noticed a water moccasin
  2873 | D:5      | Killed a water moccasin
  2976 | D:5      | Noticed Blork the orc
  2980 | D:5      | Killed Blork the orc
  2981 | D:5      | Reached skill level 7 in Spellcasting
  3208 | D:5      | Noticed Edmund
  3215 | D:5      | Reached XP level 8. HP: 39/50 MP: 0/0
  3217 | D:5      | Killed Edmund
  3537 | D:5      | Noticed Pikel
  3543 | D:5      | Killed Pikel
  3544 | D:5      | Reached skill level 8 in Spellcasting
  3544 | D:5      | Reached XP level 9. HP: 36/55 MP: 0/0
  3544 | D:5      | Learned a level 4 spell: Leda's Liquefaction
  3630 | D:5      | Reached skill level 9 in Spellcasting
  3849 | D:6      | Shot with an arrow by a centaur

Illustrated notes

Levels and vault maps discovered:
D:1:      onia_arrival_handbag, layout_basic,
          dreamdust_ecumenical_altar_angels_and_demons
D:2:      layout_loops_ring, reono_crystal_passage,
          chequers_serial_rivers_small_b, uniq_jessica
D:3:      layout_rooms, kennysheep_slug_shrine
D:4:      layout_rooms, kennysheep_opposing_triangles
D:5:      layout_loops_corners, nicolae_concentric_dashed_squares_mild,
          uniq_blork_the_orc, uniq_edmund, uniq_grinder, uniq_pikel
D:6:      cheibrodos_fertilizer, layout_basic, kennysheep_diamond

Skill      XL: |  1  2  3  4  5  6  7  8  9 |
---------------+----------------------------+-----
Spellcasting   | 4 5 6 7 8 9 |  9.1
Dodging        | |  2.1
Stealth        | |  1.5

Action                   |  1- 3 |  4- 6 |  7- 9 || total
-------------------------+-------+-------+-------++-------
Melee: Unarmed           |    15 |       |       ||    15
       Club              |    28 |       |       ||    28
       Rapier            |    27 |   123 |    21 ||   171
       Punch             |     1 |       |     1 ||     2
       Whip              |       |       |     2 ||     2
 Cast: Freeze            |    19 |     7 |     5 ||    31
       Frozen Ramparts   |     5 |    18 |    11 ||    34
       Ozocubu's Armour  |       |     8 |     7 ||    15
       Hailstorm         |       |     5 |    11 ||    16
       Ensorcelled Hiber |       |     1 |       ||     1
  Use: Potion            |       |     6 |       ||     6
       Scroll            |       |     1 |       ||     1
 Stab: Sleeping          |     1 |     7 |     3 ||    11
       Invisible         |       |     2 |       ||     2
Armor: Robe              |    17 |    27 |    10 ||    54
       Skin              |       |     7 |       ||     7
Dodge: Dodged            |    63 |    97 |    24 ||   184
